Map: Pillars of Gold LE

Players

Lambo

  • Race: Zerg Zerg
  • League: Master
  • Spawn Location: 1:00

HeroMarine - Winner!

  • Race: Terran Terran
  • League: Grandmaster
  • Spawn Location: 7:00

Event: DreamHack SC2 Masters 2020 Winter

VOD

Have the link to the VOD?

Description

Time

  • Played on: Oct. 31, 2020, 1:01 p.m.
  • Length: 7:42

All games in this series

Show
View Real Time Build Order
Export as new Build Order

Lambo Zerg 

Build Orders: Hatch First 

Get SALT Encoding   

  12  0:00  Drone  
  13  0:12  Overlord  
  13  0:17  Drone  
  14  0:31  Drone x2  
  16  0:50  Hatchery  
  16  0:52  Drone  
  16  0:56  Drone  
  17  1:00  Drone  
  18  1:09  Extractor  
  17  1:15  Spawning Pool  
  16  1:19  Drone  
  16  1:22  Drone  
  18  1:29  Drone  
  19  1:39  Drone  
  20  1:51  Overlord  
  20  2:01  Queen x2  
  20  2:02  Zergling x4  
  26  2:11  Drone  
  26  2:12  Drone  
  26  2:14  Metabolic Boost  
  28  2:21  Drone  
  29  2:23  Drone  
  30  2:34  Drone x2  
  32  2:37  Queen  
  32  2:42  Queen  
  36  2:48  Overlord  
  36  2:52  Overlord  
  36  3:07  Drone x4  
  36  3:08  Drone  
  36  3:09  Drone x2  
  36  3:11  Drone  
  44  3:16  Drone  
  44  3:17  Drone  
  46  3:29  Hatchery  
  46  3:30  Drone  
  46  3:36  Lair  
  46  3:41  Queen  
  46  3:46  Overlord  
  48  3:49  Zergling x2  
  48  3:50  Drone x2  
  48  3:51  Drone  
  48  3:55  Extractor x2  
  50  3:56  Drone x2  
  52  4:03  Overlord  
  52  4:05  Drone x2  
  52  4:06  Drone  
  52  4:08  Drone  
  55  4:13  Overlord  
  55  4:18  Queen  
  55  4:21  Drone x2  
  55  4:23  Zergling x6  
  62  4:26  Drone x2  
  62  4:30  Drone x2  
  68  4:43  Drone x2  
  68  4:44  Drone  
  69  4:52  Evolution Chamber  
  68  4:53  Drone  
  68  4:54  Drone x2  
  68  4:55  Evolution Chamber  
  68  4:57  Drone  
  68  4:59  Drone, Roach Warren  
  71  5:03  Drone  
  71  5:04  Drone  
  71  5:06  Drone x2  
  75  5:07  Overlord  
  75  5:08  Drone x2, Extractor  
  75  5:10  Overseer  
  75  5:13  Drone  
  77  5:16  Drone  
  77  5:17  Drone  
  77  5:18  Zerg Missile Weapons Level 1  
  77  5:20  Drone  
  80  5:22  Zerg Ground Armor Level 1  
  80  5:27  Extractor  
  79  5:28  Extractor  
  78  5:38  Roach x6  
  78  5:42  Overlord  
  90  5:44  Queen  
  90  5:48  Overlord  
  85  5:51  Roach x3  
  85  5:54  Roach x3  
  87  5:59  Roach  
  87  6:01  Roach x2  
  87  6:03  Ravager  
  86  6:04  Roach  
  86  6:06  Roach  
  86  6:09  Glial Reconstitution  
  87  6:12  Roach  
  87  6:17  Roach  
  75  6:28  Roach x3  
  75  6:32  Roach  
  75  6:41  Roach  
  75  6:44  Roach  
  79  6:48  Roach  
  79  6:50  Roach  
  83  6:55  Roach x2, Zergling x8  
  83  6:58  Roach  
  83  7:01  Overseer  
  93  7:03  Roach  
  93  7:06  Roach  
  97  7:12  Overlord  
  97  7:15  Overlord  
Show
View Real Time Build Order
Export as new Build Order

HeroMarine Terran - Winner!

Build Orders: Reaper Expand 

Get SALT Encoding   

  12  0:00  SCV  
  13  0:12  SCV  
  14  0:18  Supply Depot  
  14  0:24  SCV  
  15  0:39  SCV  
  15  0:41  Barracks  
  16  0:45  Refinery  
  16  0:51  SCV  
  17  1:03  SCV  
  18  1:15  SCV  
  19  1:28  Orbital Command, Reaper  
  20  1:43  Command Center  
  20  1:53  Supply Depot  
  20  1:54  SCV  
  20  2:00  Marine  
  22  2:06  SCV  
  23  2:11  Factory  
  23  2:19  SCV  
  24  2:23  Barracks Reactor  
  24  2:28  Barracks  
  24  2:32  SCV  
  25  2:37  Refinery  
  25  2:44  SCV  
  26  2:56  SCV  
  26  2:57  Orbital Command  
  27  3:07  Hellion x2  
  27  3:08  SCV  
  27  3:09  Barracks Reactor  
  32  3:16  Barracks Tech Lab  
  32  3:20  SCV  
  32  3:22  SCV  
  34  3:30  Hellion x2  
  34  3:31  Supply Depot  
  34  3:33  SCV  
  39  3:35  Stimpack  
  39  3:38  SCV  
  40  3:43  Marine  
  40  3:46  Marine x2  
  40  3:48  SCV  
  44  3:50  SCV  
  44  3:55  Starport  
  45  4:00  SCV  
  45  4:01  Marine  
  45  4:02  SCV  
  48  4:03  Marine  
  48  4:04  Marine  
  50  4:10  Supply Depot  
  52  4:18  Hellion x2  
  52  4:19  Supply Depot  
  54  4:30  Armory  
  54  4:31  Marine x3  
  54  4:32  SCV  
  54  4:33  SCV  
  59  4:44  Medivac x2  
  63  4:47  SCV x2  
  63  4:49  Marine x3  
  63  4:52  Supply Depot  
  68  4:59  SCV x2  
  70  5:00  Factory Reactor  
  70  5:13  Marine x3  
  70  5:14  SCV x2  
  75  5:15  Supply Depot  
  75  5:22  Supply Depot  
  75  5:27  Command Center  
  75  5:31  Marine x3  
  75  5:33  Factory  
  78  5:36  Combat Shield  
  78  5:39  SCV x2  
  80  5:49  Marine x3  
  83  5:52  SCV x2  
  84  6:02  Refinery  
  84  6:03  Refinery  
  83  6:04  SCV x2  
  83  6:07  Marine x2, Factory Tech Lab  
  82  6:16  SCV  
  82  6:17  SCV, Marine, Engineering Bay x2  
  81  6:25  Marine  
  76  6:29  SCV x2  
  76  6:30  Marine  
  76  6:31  Siege Tank  
  80  6:32  Factory Tech Lab  
  80  6:35  Marine  
  81  6:41  SCV x2  
  81  6:42  Barracks  
  81  6:43  Orbital Command  
  83  6:52  Siege Tank  
  83  6:54  SCV  
  87  6:56  SCV  
  87  6:57  Marine x2  
  87  6:58  Marine  
  91  7:06  SCV  
  91  7:07  Orbital Command  
  92  7:14  Marine  
  92  7:15  Marine  
  98  7:16  Supply Depot x2, Marine  
  101  7:32  Supply Depot  
  101  7:34  Supply Depot  
Tags
 
Add a new tag
Caveats
  • Supply blocks, unpowered buildings, or Contaminate may cause inaccurate times.
  • Supply counts are checked every 10 seconds.